 Dungeon Crawl Stone Soup version 0.30-a0-857-gcaf70739d4 (webtiles) character file.

Game seed: 5419675244087196829

11135 FexLirch the Martial Artist (level 11, 0/71 HPs)
             Began as an Octopode Transmuter on Mar 5, 2023.
             Was an Initiate of Gozag.
             Slain by a manticore (10 damage)
             ... on level 11 of the Dungeon.
             The game lasted 00:54:26 (11583 turns).

FexLirch the Martial Artist (Octopode Transmuter)  Turns: 11583, Time: 00:54:27

Health: 0/71       AC:  8    Str: 10    XL:     11   Next: 73%
Magic:  14/14      EV: 17    Int: 19    God:    Gozag
Gold:   2350       SH:  0    Dex: 25    Spells: 4/14 levels left

rFire   . . .      SeeInvis .      - Unarmed
rCold   . . .      Faith    .    (no shield)
rNeg    + . .      Spirit   .    (helmet restricted)
rPois   .          Reflect  .    c - amulet of regeneration
rElec   .          Rampage  .    K - +6 ring of dexterity
rCorr   .                        n - +6 ring of dexterity
Will    .....                    L - ring of positive energy
Stlth   ++                       R - ring of flight
HPRegen 1.11/turn                (no ring)
MPRegen 0.14/turn                (no ring)
                                 (no ring)
                                 (no ring)

@: confused, ice-armoured, ambrosia-drunk, wereblooded, gold aura, flying
A: almost no armour, amphibious, 8 rings, camouflage 1, gelatinous body 1,
(nimble swimmer 1), tentacles
a: Renounce Religion, Potion Petition, Call Merchant, Bribe Branch


You were on level 11 of the Dungeon.
You worshipped Gozag.
Gozag was most pleased with you.
You visited 2 branches of the dungeon, and saw 13 of its levels.
You also visited: Ossuary and Bailey.

You collected 2381 gold pieces.
You paid 31 gold pieces to Gozag.

Inventory:

Hand Weapons
 q - the +4 hand axe of Destruction {holy, rN+ Will+ Int+4}
   (You found it on level 4 of the Dungeon)

   Int:       It affects your intelligence (+4).
   rN:        It protects you from negative energy.
   Will:      It increases your willpower.
 s - the +2 falchion of Ennif {flame, rF+}
   (You found it on level 5 of the Dungeon)

   rF:        It protects you from fire.
 O - a +4 quick blade of venom
Missiles
 g - 91 stones
 h - 24 poisoned darts
 k - 6 boomerangs
 u - 4 atropa-tipped darts
 v - 2 silver javelins (quivered)
 I - a boomerang of dispersal
 Q - a curare-tipped dart
 S - 2 silver boomerangs
Armour
 i - a +0 tower shield
 P - a +2 kite shield
Magical Staves
 H - a staff of poison
 J - a staff of death
Jewellery
 c - an amulet of regeneration (around mantle)
 m - an amulet of reflection
 n - a +6 ring of dexterity (right tentacle)
 K - a +6 ring of dexterity (left tentacle)
 L - a ring of positive energy (on tentacle)
 R - a ring of flight (on tentacle)
Wands
 w - a wand of flame (8)
 y - a wand of quicksilver (3)
 G - a wand of paralysis (1)
 T - a wand of iceblast (7)
Scrolls
 e - 4 scrolls of immolation
 f - 3 scrolls of fog
 j - a scroll of magic mapping {unknown}
 o - 4 scrolls of amnesia {unknown}
 t - 4 scrolls of teleportation
 x - 2 scrolls of noise {unknown}
 B - a scroll of vulnerability {unknown}
 E - a scroll of enchant weapon {unknown}
 F - a scroll of enchant armour {unknown}
 U - a scroll of fear {unknown}
Potions
 a - 3 potions of lignification
 b - 4 potions of mutation
 d - 4 potions of invisibility {unknown}
 l - a potion of heal wounds {unknown}
 p - 3 potions of brilliance
 r - 6 potions of curing
 z - 2 potions of ambrosia
 A - 3 potions of cancellation
 C - 2 potions of flight {unknown}
 D - 3 potions of attraction {unknown}
 M - 2 potions of resistance {unknown}
 N - a potion of magic {unknown}


   Skills:
 + Level 5.0 Fighting
 + Level 4.8 Dodging
 - Level 2.0 Shields
 + Level 10.8 Unarmed Combat
 - Level 2.0 Spellcasting
 + Level 10.5 Transmutations
 - Level 6.9 Ice Magic
 + Level 4.6 Air Magic


You had 4 spell levels left.
You knew the following spells:

 Your Spells              Type           Power      Damage    Failure   Level
a - Beastly Appendage     Tmut           84%        N/A       1%          1
b - Wereblood             Tmut           42%        N/A       1%          2
c - Ozocubu's Armour      Ice            28%        N/A       3%          3
d - Ice Form              Ice/Tmut       35%        N/A       4%          4

Your spell library contained the following spells:

 Spells                   Type           Power      Damage    Failure   Level
 Spider Form              Tmut/Pois      21%        N/A       6%          3
 Foxfire                  Conj/Fire      4%         2x1d4     17%         1
 Sublimation of Blood     Necr           1%         N/A       26%         2
 Summon Lightning Spire   Summ/Air       10%        N/A       54%         4
 Metabolic Englaciation   Hex/Ice        7%         N/A       75%         5
 Fireball                 Conj/Fire      0%         3d3       99%         5
 Storm Form               Tmut/Air       15%        N/A       99%         7
 Starburst                Conj/Fire      0%         6d3       100%        6
 Summon Hydra             Summ           0%         N/A       100%        7
 Maxwell's Capacitive Co  Air            9%         ∞         100%        8
 Simulacrum               Ice/Necr       Unusable   N/A       N/A         6

Dungeon Overview and Level Annotations

Branches:
Dungeon (12/15)            Temple (1/1) D:4             Orc (0/2) D:10
Ossuary (visited)          Bailey (visited)
   Lair: D:8-11

Altars:
Ashenzari
Cheibriados
Dithmenos
Elyvilon
Fedhas
Gozag
Hepliaklqana
Kikubaaqudgha
Makhleb
Nemelex Xobeh
Okawaru
Qazlal
Ru
Sif Muna
Trog
Uskayaw
Wu Jian
Yredelemnul
Zin
The Shining One

Shops:
D:3 (

Annotations:
D:8 exclusion: 3 death yaks
D:9 3 runed translucent doors, Ceno's ghost, novice FeDe
D:10 1 transporter
D:11 exclusion: downstairs
Temple 2 transporters


Innate Abilities, Weirdness & Mutations

You cannot wear most types of armour.
You are amphibious.
You can wear up to eight rings at the same time.
Your skin changes colour to match your surroundings (Stealth+).
Your rubbery body absorbs attacks. (AC +1, EV +1)
((You are camouflaged when in or above water. (Stealth+)))
You have tentacles for arms and can constrict up to eight enemies at once.


Message History

The manticore is severely wounded.
The manticore bites you.
The manticore claws you but does no damage. x2
The manticore closely misses you.
The manticore claws you but does no damage. x2
You hit the manticore. You freeze the manticore.
The manticore is almost dead.
You punch the manticore! You freeze the manticore.
You feel a bit better.
You kill the manticore!
You carefully extract the barbed spikes from your body.
The manticore bites you!! The manticore misses you.
The manticore claws you but does no damage.
Your Fighting skill increases to level 5!
You punch the manticore! You freeze the manticore.
The manticore is moderately wounded.
The manticore barely misses you. The manticore misses you.
The manticore claws you.
You punch the manticore! You freeze the manticore.
The manticore is heavily wounded.
You warm up again.
The manticore bites you!
* * * LOW HITPOINT WARNING * * *
The manticore barely misses you. x2
You are confused.
You feel invigorated. The manticore barely misses you.
The manticore closely misses you. The manticore claws you.
* * * LOW HITPOINT WARNING * * *
Your icy armour will break if you move.
Continue?
Okay, then.
Unknown command.
The manticore barely misses you. The manticore claws you.
* * * LOW HITPOINT WARNING * * *
The manticore claws you.
* * * LOW HITPOINT WARNING * * *
The manticore bites you but does no damage.
The manticore claws you.
* * * LOW HITPOINT WARNING * * *
The manticore claws you!
You die...
Your body crumbles into a pile of gold.

#........###
#........#
#........###
#........#
+..........#
#........#
#........#.#
##+##...##'## #+#
#####...### #.# $
##.⌠$$.# #.###
#...$#.# #...#
##..@##.#####'##
#..$H#.........#
#.......##.#.......#
#.>.⌠.>.#..#.......#
#.$.....##.........#
....#....###[......#
[..###... #.......#
... #... #........#
⌠o ##.⌠....#######


You could see a manticore.

Vanquished Creatures
  Pikel (D:7)
  An ugly thing (D:9)
  A manticore (D:11)
  A gargoyle (Bailey)
  2 trolls
  2 hornets (D:9)
  A vampire (Bailey)
  A shadow (D:10)
  20 yaks
  A wyvern (D:9)
  2 steam dragons
  An acid dragon (D:9)
  A water moccasin (D:5)
  2 ice beasts
  2 black bears
  4 ogres
  9 centaurs
  A lemure (D:7)
  A phantom (D:5)
  A kobold brigand (D:9)
  A gnoll sergeant (D:9)
  2 scorpions
  5 bullfrogs
  11 wights
  11 killer bees
  7 vampire bats (Bailey)
  2 howler monkeys
  6 wolf zombies (Bailey)
  3 centaur zombies (Ossuary)
  Crazy Yiuf (D:7)
  2 hounds (D:6)
  4 orc priests
  2 gnoll boudas
  Jessica (D:3)
  An iguana (D:4)
  12 orc wizards
  2 sleepcaps
  2 ogre zombies (Ossuary)
  8 mummies
  6 gnolls
  10 adders
  4 white imps
  4 adder zombies (Ossuary)
  3 worms (D:5)
  A dart slug (D:3)
  34 orcs
  12 endoplasms
  4 giant cockroaches
  9 goblins
  6 hobgoblins
  2 quokkas
  8 ball pythons
  10 bats
  3 frilled lizards
  2 goblin zombies (Ossuary)
  3 hobgoblin zombies (Ossuary)
  6 kobolds
  4 kobold zombies (Ossuary)
  15 orc zombies (Bailey)
  7 quokka zombies (Ossuary)
  5 rats
  5 rat zombies (Ossuary)
301 creatures vanquished.

Vanquished Creatures (others)
  An orc wizard (D:9)
1 creature vanquished.

Grand Total: 302 creatures vanquished

Notes
Turn   | Place    | Note
-------+----------+-------------------------------------------
     0 | D:1      | FexLirch the Octopode Transmuter began the quest for the
                  | Orb.
     0 | D:1      | Reached XP level 1. HP: 13/13 MP: 3/3
   296 | D:1      | Reached XP level 2. HP: 18/18 MP: 1/5
   995 | D:2      | Reached XP level 3. HP: 22/23 MP: 4/6
  1000 | D:2      | Learned a level 2 spell: Wereblood
  1839 | D:2      | Reached XP level 4. HP: 28/28 MP: 3/7
  2666 | D:3      | Reached XP level 5. HP: 29/33 MP: 6/8
  2716 | D:3      | Noticed Jessica
  2721 | D:3      | Killed Jessica
  2728 | D:3      | Found Abrias's Antique Weapon Shop.
  3180 | D:4      | Reached skill level 5 in Unarmed Combat
  3184 | D:4      | Identified the +4 hand axe of Destruction {holy, rN+ Will+
                  | Int+4}
  3238 | D:4      | Found a staircase to the Ecumenical Temple.
  3249 | D:4      | Found the +0 toga "Victory" {*Victory Clar}
  3259 | Temple   | Entered the Ecumenical Temple
  3259 | Temple   | Found a transporter.
  3259 | Temple   | Found a transporter.
  3261 | Temple   | Found a transporter.
  3261 | Temple   | Found a transporter.
  3275 | Temple   | Became a worshipper of Gozag Ym Sagoz the Greedy
  3305 | D:4      | Reached XP level 6. HP: 14/38 MP: 6/9
  3385 | D:5      | Entered Level 5 of the Dungeon
  3385 | D:5      | Noticed a water moccasin
  3847 | D:5      | Killed a water moccasin
  3848 | D:5      | Reached skill level 5 in Transmutations
  3848 | D:5      | Identified the +2 falchion of Ennif {flame, rF+}
  3918 | D:4      | Reached XP level 7. HP: 27/43 MP: 7/10
  4469 | D:5      | Reached skill level 1 in Ice Magic
  4783 | D:4      | Reached XP level 8. HP: 47/48 MP: 11/11
  5267 | D:6      | Learned a level 3 spell: Ozocubu's Armour
  5499 | D:7      | Found a sand-covered staircase.
  5511 | Ossuary  | Entered an ossuary
  5653 | Ossuary  | Learned a level 4 spell: Ice Form
  6260 | D:7      | Found a runed translucent door.
  6261 | D:7      | Noticed Crazy Yiuf
  6268 | D:7      | Killed Crazy Yiuf
  6700 | D:8      | Noticed a yak
  6700 | D:8      | Noticed a yak
  6706 | D:8      | Noticed a yak
  6707 | D:8      | Noticed a yak
  6827 | D:6      | Reached XP level 9. HP: 33/53 MP: 1/12
  7536 | D:6      | Found a glowing silver altar of Zin.
  7536 | D:6      | Noticed an angel
  7577 | D:7      | Reached skill level 5 in Ice Magic
  7927 | D:7      | Found an ornate altar of the Wu Jian Council.
  8003 | D:7      | Noticed Pikel
  8009 | D:7      | Killed Pikel
  8258 | D:8      | Noticed a death yak
  8284 | D:8      | Noticed a death yak
  8331 | D:8      | Reached XP level 10. HP: 58/58 MP: 5/13
  8436 | D:8      | Noticed a deep elf zephyrmancer
  9073 | D:8      | Noticed a death yak
  9225 | D:9      | Found a runed translucent gate.
  9226 | D:9      | Found a runed translucent gate.
  9227 | D:9      | Found a runed translucent gate.
  9227 | D:9      | Noticed a centaur warrior
  9227 | D:9      | Noticed Ceno's ghost (novice FeDe)
  9324 | D:9      | Reached skill level 1 in Shields
  9350 | D:9      | Reached skill level 1 in Air Magic
  9429 | D:9      | Found a flagged portal.
  9431 | D:9      | Noticed a red ugly thing
  9582 | Bailey   | Entered a bailey
  9639 | Bailey   | Reached skill level 10 in Unarmed Combat
  9875 | Bailey   | Noticed a gargoyle
  9880 | Bailey   | Killed a gargoyle
  9959 | Bailey   | Identified the +4 plate armour of the Tick {Drain rN+
                  | Dex+3}
 10119 | D:9      | Reached XP level 11. HP: 52/67 MP: 3/14
 10147 | D:9      | Reached skill level 10 in Transmutations
 10479 | D:9      | Killed a red ugly thing
 10739 | D:10     | Entered Level 10 of the Dungeon
 11055 | D:10     | Found a stormy altar of Qazlal.
 11055 | D:10     | Found a shadowy altar of Dithmenos.
 11055 | D:10     | Found a basalt altar of Yredelemnul.
 11111 | D:10     | Found a staircase to the Orcish Mines.
 11221 | D:10     | Found a transporter.
 11318 | D:12     | Noticed a green ugly thing
 11453 | D:11     | Noticed a boulder beetle
 11536 | D:11     | Noticed a manticore
 11565 | D:11     | Noticed a manticore
 11578 | D:11     | Killed a manticore
 11579 | D:11     | Reached skill level 5 in Fighting
 11583 | D:11     | Slain by a manticore

Illustrated notes

Levels and vault maps discovered:
D:1:      heliophobic_arrival_ceremonial_halls, layout_loops_ring, st_stairs_14,
          minmay_statues_item
D:2:      layout_loops_corners, ebering_dispersal_statue_hall
D:3:      layout_loops_corners, serial_shops, shop, uniq_jessica
D:4:      minmay_inner_zag, layout_loops_ring, minmay_temple_entry_junction_2,
          kennysheep_generic_room_8
D:5:      layout_rooms, portal_sewer_entry_b
D:6:      layout_rooms, zin_angel
D:7:      layout_layer_cave, nicolae_overflow_hidden_temple,
          gup_ossuary_entry_pyramid, uniq_crazy_yiuf_cottage, uniq_pikel
D:8:      layout_loops_ring, dpeg_lair_monsters, grunt_ministairs_9,
          guppyfry_early_elven_hall
D:9:      layout_irregular_city, gammafunk_ghost_split, enter_bailey_1,
          nzn_random_ring
D:10:     layout_irregular_city, gammafunk_temple_overflow_claw,
          minmay_orc_entry_temple_small, serial_shops, kennysheep_little_box,
          nicolae_diode_basic
D:11:     layout_roguey, minmay_misc_feat_hallway, grunt_ministairs_13
D:12:     layout_loops_cross, gammafunk_ghost_mausoleum
Temple:   hellmonk_temple_divided_pantheon

Skill      XL: |  1  2  3  4  5  6  7  8  9 10 11 |
---------------+----------------------------------+-----
Transmutations | 3 4 5 6 7 8 9 10 | 10.5
Unarmed Combat | 4 5 6 7 9 10 | 10.8
Ice Magic      | 1 4 6 |  6.9
Shields        | 2 |  2.0
Fighting       | 3 5 |  5.0
Air Magic      | 2 4 |  4.6
Dodging        | 3 4 |  4.8
Spellcasting   | |  2.0

Action                     |  1- 3 |  4- 6 |  7- 9 | 10-12 || total
---------------------------+-------+-------+-------+-------++-------
  Melee: Unarmed           |    64 |    99 |   369 |   333 ||   865
         Kick              |    22 |    31 |    65 |    17 ||   135
         Constrict         |    15 |    30 |    46 |     2 ||    93
         Tentacles         |    13 |    34 |    51 |    11 ||   109
         Punch             |     1 |     1 |    13 |     3 ||    18
         Hand axe          |       |    13 |       |       ||    13
  Throw: Dart              |       |     4 |     3 |     1 ||     8
         Boomerang         |       |     3 |    23 |       ||    26
         Javelin           |       |       |       |     2 ||     2
   Cast: Beastly Appendage |    38 |    24 |    25 |     3 ||    90
         Wereblood         |     1 |     9 |    22 |    21 ||    53
         Ice Form          |       |       |    15 |    30 ||    45
         Ozocubu's Armour  |       |       |     8 |    23 ||    31
Ability: End Transformatio |       |       |       |     1 ||     1
  Evoke: Wand              |       |       |     1 |    12 ||    13
    Use: Scroll            |       |     5 |     6 |     3 ||    14
         Potion            |       |       |       |     3 ||     3
   Stab: Sleeping          |     9 |     2 |     7 |     1 ||    19
         Distracted        |       |       |     2 |     3 ||     5
         Paralysed         |       |       |       |     6 ||     6
 Armour: Skin              |     4 |     9 |    53 |   134 ||   200
  Dodge: Dodged            |    54 |    64 |   171 |   195 ||   484

Table legend: (Time is in decaauts)
 A = Elapsed time spent in this place.
 B = Non-inter-level travel time spent in this place.
 C = Inter-level travel time spent in this place.
 D = Time resting spent in this place.
 E = Time spent auto-exploring this place.
 F = Levels seen in this place.
 G = Mean time per level.
                   A        B        C        D        E       F      G
               +--------+--------+--------+--------+--------+-----+--------+
         Total |  11479 |  10859 |    620 |    299 |   5652 |  15 |  765.3 |
       Dungeon |  10474 |   9864 |    610 |    280 |   5622 |  12 |  872.8 |
        Temple |     28 |     18 |     10 |      0 |      0 |   1 |   28.0 |
       Ossuary |    530 |    530 |      0 |     19 |      0 |   1 |  530.0 |
        Bailey |    445 |    445 |      0 |      0 |     30 |   1 |  445.0 |
               +--------+--------+--------+--------+--------+-----+--------+

Top non-repeatable levels by time:
     D:7: 1657 daAuts
     D:4: 1268 daAuts
     D:9: 1157 daAuts
     D:2: 1143 daAuts
     D:3: 1095 daAuts
     D:6: 1018 daAuts
     D:1: 866 daAuts
     D:5: 792 daAuts
     D:8: 769 daAuts
 Ossuary: 530 daAuts
  Bailey: 445 daAuts
    D:10: 387 daAuts
    D:11: 316 daAuts
  Temple: 28 daAuts
    D:12: 1 daAuts
